 Dungeon Crawl Stone Soup version 0.30.1-11-g7821555f0a (webtiles) character file.

Game seed: 15838178273051874557

1113 lonewolfV2 the Ducker (level 8, -2/65 HPs)
             Began as a Formicid Fighter on Nov 5, 2023.
             Was an Initiate of Qazlal.
             Slain by a kobold brigand
             ... wielding a +0 whip
              (7 damage)
             ... on level 6 of the Dungeon.
             The game lasted 00:09:37 (5326 turns).

lonewolfV2 the Ducker (Formicid Fighter)            Turns: 5326, Time: 00:09:38

Health: -2/65      AC: 11    Str: 23    XL:     8   Next: 59%
Magic:  8/8        EV: 12    Int: 14    God:    Qazlal [......]
Gold:   371        SH:  5    Dex: 13    Spells: 7/7 levels left

rFire   . . .        u - +0 broad axe
rCold   . . .        c - +0 buckler
rNeg    . . .        b - +0 scale mail
rPois   .            (helmet unavailable)
rElec   .            m - +1 cloak
rCorr   .            e - +0 pair of gloves
SInv    +            l - +0 pair of boots
Will    .....        (no amulet) Stlth
                     j - ring of flight
HPRegen 0.30/turn    o - +6 ring of intelligence
MPRegen 0.11/turn

%: no passive effects
@: mighty, flying
A: permanent stasis, dig shafts and tunnels, antennae 3, four strong arms
a: Dig, Shaft Self, Renounce Religion


You were on level 6 of the Dungeon.
You worshipped Qazlal.
Qazlal was noncommittal.
You visited 2 branches of the dungeon, and saw 7 of its levels.
You also visited: Ossuary.

You collected 371 gold pieces.

Inventory:

Hand Weapons
 u - a +0 broad axe (weapon)
Missiles
 g - a throwing net
Armour
 b - a +0 scale mail (worn)
 c - a +0 buckler (worn)
 e - a +0 pair of gloves (worn)
 l - a +0 pair of boots (worn)
 m - a +1 cloak (worn)
Jewellery
 j - a ring of flight (left hand)
 o - a +6 ring of intelligence (right hand)
Scrolls
 a - a scroll of brand weapon {unknown}
 f - 3 scrolls of vulnerability
 h - 2 scrolls of teleportation
 n - a scroll of identify
Potions
 d - 6 potions of might
 k - 2 potions of flight
 r - 2 potions of attraction {unknown}
 t - 3 potions of lignification {unknown}


   Skills:
 - Level 6.4 Fighting
 * Level 3.0 Axes
 - Level 3.2 Armour
 * Level 6.9 Dodging
 - Level 4.0 Shields


You had 7 spell levels left.
You didn't know any spells.
Your spell library contained the following spells:

 Spells                   Type           Power      Damage    Failure   Level
 Beastly Appendage        Tmut           0%         N/A       65%         1
 Foxfire                  Conj/Fire      0%         2x1d4     65%         1
 Ensorcelled Hibernation  Hex/Ice        0%         N/A       78%         2
 Wereblood                Tmut           0%         N/A       78%         2
 Spider Form              Tmut/Pois      0%         N/A       95%         3
 Anguish                  Hex/Necr       0%         N/A       100%        4
 Fireball                 Conj/Fire      0%         3d3       100%        5
 Conjure Ball Lightning   Conj/Air       0%         3x3d6     100%        6
 Plasma Beam              Fire/Air       0%         2x1d11    100%        6
 Starburst                Conj/Fire      0%         6d3       100%        6
 Discord                  Hex            0%         N/A       100%        8
 Disjunction              Tloc           0%         N/A       100%        8


Dungeon Overview and Level Annotations

Branches:
Dungeon (6/15)             Temple (1/1) D:6         Ossuary (visited)

Altars:
Ashenzari
Elyvilon
Fedhas
Hepliaklqana
Kikubaaqudgha
Nemelex Xobeh
Qazlal
Ru
Sif Muna
Vehumet

Shops:
D:1 =   D:2 [


Innate Abilities, Weirdness & Mutations

You cannot be hasted, slowed, berserked, paralysed or teleported.
You can dig through walls and to a lower floor.
You have a pair of large antennae on your head. (SInv)
Your four strong arms can wield two-handed weapons with a shield.


Message History

The kobold brigand hits you with a +0 whip.
* * * LOW HITPOINT WARNING * * *
The gnoll hits you from afar with a +0 spear.
* * * LOW HITPOINT WARNING * * *
You feel much better.
The gnoll is no longer moving quickly.
The gnoll completely misses you. The gnoll barely misses you.
You block the gnoll bouda's attack. The gnoll barely misses you.
The kobold brigand closely misses you.
You feel better.
The gnoll hits you from afar with a +0 spear.
The gnoll hits you but does no damage.
The gnoll bouda utters an invocation to its god.
The gnoll bouda is healed somewhat.
You block the gnoll's attack. The kobold brigand closely misses you.
As you read the scroll of fog, it crumbles to dust.
The scroll dissolves into smoke.
You block the gnoll's attack.
The gnoll hits you from afar with a +0 spear.
The gnoll bouda hits you but does no damage.
The kobold brigand hits you with a +0 whip.
* * * LOW HITPOINT WARNING * * *
You block the gnoll's attack. The gnoll hits you but does no damage.
The gnoll barely misses you.
The gnoll bouda hits you with a +0 whip.
* * * LOW HITPOINT WARNING * * *
The gnoll hits you with a +0 spear.
* * * LOW HITPOINT WARNING * * *
You block the kobold brigand's attack.
Things that are here:
a +0 short sword; 2 poisoned darts; a kobold corpse You barely miss the gnoll bouda.
The gnoll bouda is heavily wounded.
You closely miss the gnoll. You barely miss the gnoll.
You slash the kobold brigand! The gnoll hits you but does no damage.
You block the gnoll's attack.
The gnoll bouda barks out a call to the hunt!
The gnoll picks up the pace!
The gnoll hits you with a +0 spear!
* * * LOW HITPOINT WARNING * * *
The kobold brigand hits you with a +0 whip!
You die...

.#.###.#............
....(.........##### #
#..#.##.##.....# #.
..#.......###.####
.^##....#.##.##......
.?## ...##.#....##......
.....##§§§...##.##......
# #.§§§K§##......)###..
#..#.##@gg...#.....##...
#.....gg##.#.#.....##...
#.##.#§g§..#.......##...
#....#..##....#....##...
#.##.......##.#....##...
#.....##.#g......####...
...##....#...##..# ....
#. ........$.....# .....
# ###.####..###..+


You could see a kobold brigand, a gnoll bouda and 4 gnolls.

Vanquished Creatures
  A centaur (D:5)
  A bullfrog (D:5)
  A gnoll sergeant (D:6)
  4 scorpions (D:4)
  5 water moccasin zombies (Ossuary)
  A hound (D:6)
  4 sleepcaps
  A jelly (D:6)
  An iguana (D:5)
  2 mummies (Ossuary)
  Robin (D:3)
  4 gnolls (D:6)
  5 adders
  An ufetubus (D:5)
  3 adder zombies (Ossuary)
  A worm (D:4)
  A dart slug (D:2)
  4 orcs
  3 bats
  3 endoplasms
  A giant cockroach (D:1)
  16 goblins
  3 hobgoblins
  2 jackals (D:1)
  4 quokkas
  5 ball pythons
  3 frilled lizards
  2 gnoll zombies (Ossuary)
  2 hobgoblin zombies (Ossuary)
  9 kobolds
  6 kobold zombies (Ossuary)
  5 orc zombies (Ossuary)
  8 rats
113 creatures vanquished.

Notes
Turn   | Place    | Note
-------+----------+-------------------------------------------
     0 | D:1      | lonewolfV2 the Formicid Fighter began the quest for the
                  | Orb.
     0 | D:1      | Reached XP level 1. HP: 18/18 MP: 1/1
    48 | D:1      | Found Gufunn's Jewellery Shop.
    78 | D:1      | Reached skill level 1 in Dodging
    78 | D:1      | Reached XP level 2. HP: 24/24 MP: 2/2
   268 | D:1      | Reached XP level 3. HP: 29/29 MP: 3/3
   581 | D:2      | Found Weuhev's Armour Shoppe.
  1409 | D:3      | Found a blossoming altar of Fedhas.
  1444 | D:3      | Found a faded altar of an unknown god.
  1465 | D:3      | Reached XP level 4. HP: 30/37 MP: 4/4
  1714 | D:3      | Noticed Robin
  1745 | D:3      | Killed Robin
  1941 | D:3      | Reached XP level 5. HP: 40/42 MP: 5/5
  2070 | D:3      | Identified the +7 long sword of Upsaips Dacu {flame, rPois}
  2131 | D:3      | Found a sacrificial altar of Ru.
  2142 | D:3      | Found a broken altar of Ashenzari.
  2519 | D:4      | Reached XP level 6. HP: 50/50 MP: 6/6
  2553 | D:4      | Reached skill level 5 in Fighting
  2778 | D:4      | Reached XP level 7. HP: 56/56 MP: 7/7
  2852 | D:4      | You are sucked into a shaft and drop 2 floors!
  2852 | D:6      | Found a sand-covered staircase.
  2857 | Ossuary  | Entered an ossuary
  2891 | Ossuary  | Reached skill level 5 in Dodging
  3120 | Ossuary  | Reached XP level 8. HP: 35/64 MP: 8/8
  3368 | D:5      | Entered Level 5 of the Dungeon
  4741 | D:6      | Identified the +4 ring mail of Ojaoky {Will+}
  5067 | D:6      | Found a staircase to the Ecumenical Temple.
  5100 | Temple   | Entered the Ecumenical Temple
  5297 | Temple   | Became a worshipper of Qazlal Stormbringer
  5326 | D:6      | Slain by a kobold brigand

Illustrated notes

Levels and vault maps discovered:
D:1:      dpeg_arrival_rooms_b, layout_rooms, serial_shops, shop
D:2:      cheibrodos_helix_gallery, layout_basic, serial_shops, shop
D:3:      layout_loops_cross, fedhas_ov_isle_minmay,
          amethyst_overflow_temple_binary,
          shapermc_ecumenical_altar_starsandcircs, minmay_liquid_box, uniq_robin
D:4:      layout_rooms, nicolae_zen_rock_garden
D:5:      layout_basic, nicolae_elevator_lobby_plus
D:6:      layout_basic, minmay_temple_entry_ruins, serial_shops, shop,
          nicolae_ossuary_entry_monument, serial_corexii_hall,
          corexii_hall_statues_deadend, corexii_hall_statues_x
Temple:   hellmonk_temple_of_storms

Skill      XL: |  1  2  3  4  5  6  7  8 |
---------------+-------------------------+-----
Dodging        | 1 2 3 4 6 |  6.9
Fighting       | 4 5 6 |  6.4
Axes           | 3 |  3.0
Armour         | |  3.2
Shields        | |  4.0

Action                     |  1- 3 |  4- 6 |  7- 9 || total
---------------------------+-------+-------+-------++-------
  Melee: War axe           |    99 |    57 |   137 ||   293
         Broad axe         |       |       |    63 ||    63
    Use: Scroll            |     4 |     2 |     5 ||    11
         Potion            |       |       |     6 ||     6
 Armour: Scale mail        |    41 |    21 |   127 ||   189
  Dodge: Dodged            |    57 |    22 |   147 ||   226
  Block: Buckler           |    36 |    14 |    91 ||   141
